 Dungeon Crawl Stone Soup version 0.27-a0-1193-g8631133539 (webtiles) character file.

Game seed: 4645266803253156859

53 EnegeticOcto the Magician (level 4, -9/31 HPs)
             Began as a Djinni Earth Elementalist on May 25, 2021.
             Mangled by an iguana (14 damage)
             ... on level 5 of the Dungeon.
             The game lasted 00:02:11 (399 turns).

EnegeticOcto the Magician (DjEE)                     Turns: 399, Time: 00:02:11

Health: -9/31      AC:  2    Str:  7    XL:     4   Next: 11%
Gold:   17         EV: 12    Int: 18    God:
                   SH:  0    Dex: 13

rFire    + + .     SeeInvis .   i - +3 spear
rCold    x . .     Faith    .   (no shield)
rNeg     . . .     Spirit   .   c - +0 robe
rPois    ∞         Reflect  .   (no helmet)
rElec    .         Harm     .   (no cloak)
rCorr    .         Rampage  .   (no gloves)
Will     .....                  (boots unavailable)
Stlth    ++........             (no amulet)
HPRegen  0.10/turn              (no ring)
MPRegen  0.00/turn              (no ring)

@: flying
A: sickness immunity, fire resistance 2, cold vulnerability 1, float, innate
caster, hp casting, extra vitality 1
a: no special abilities


You were on level 5 of the Dungeon.
You visited 1 branch of the dungeon, and saw 5 of its levels.

You collected 17 gold pieces.

Inventory:

Hand Weapons
 a - a +0 long sword
   (You found it on level 1 of the Dungeon)
 i - a +3 spear (weapon)
   (You found it on level 4 of the Dungeon)
Missiles
 b - 25 stones
Armour
 c - a +0 robe (worn)
Scrolls
 f - a scroll of enchant armour
 g - 2 scrolls of silence
Potions
 e - a potion of berserk rage
 h - 2 potions of brilliance


   Skills:
 - Level 2.1 Dodging
 - Level 1.5 Stealth
 + Level 3.6 Spellcasting


You couldn't memorise any spells.
You knew the following spells:

 Your Spells              Type           Power      Damage    Failure   Level
a - Sandblast             Erth           32%        2d9       3%          1
b - Stone Arrow           Conj/Erth      32%        3d9       10%         3
c - Petrify               Tmut/Erth      16%        N/A       32%         4
d - Lee's Rapid Deconstr  Erth           8%         3d8*      67%         5
e - Animate Skeleton      Necr           32%        N/A       3%          1
p - Passwall              Tmut/Erth      13%        N/A       4%          2
Your spell library was empty.

Dungeon Overview and Level Annotations

Branches:
Dungeon (5/15)
 Temple: D:4-7

Altars:
Cheibriados

Shops:
D:2 [


Innate Abilities, Weirdness & Mutations

You are immune to sickness and miasma.
You are immune to poison.
Your flesh is very heat resistant. (rF++)
You are vulnerable to cold. (rC-)
You float through the air rather than walking.
You learn spells naturally, not from books.
Your magical power is your life essence.
You have superior vitality. (+4 HP)


Message History

* * * LOW HITPOINT WARNING * * *
Your magical contamination has completely faded away.
Casting: Sandblast (safe; 5% risk of failure)
Confirm with . or Enter, or press ? or * to list all spells.
Aiming: Sandblast (safe; 5% risk of failure)
Press: ? - help, Shift-Dir - straight line, f - you That would be overly suicidal.
Okay, then.
Unknown command.
Casting: Sandblast (safe; 5% risk of failure)
Confirm with . or Enter, or press ? or * to list all spells.
Aiming: Sandblast (safe; 5% risk of failure)
Press: ? - help, Shift-Dir - straight line, f - jelly
Aim: a jelly (100% to hit)
The blast of sand hits the jelly!
The jelly is heavily wounded.
* * * LOW HITPOINT WARNING * * *
Casting: Sandblast (safe; 5% risk of failure)
Confirm with . or Enter, or press ? or * to list all spells.
Aiming: Sandblast (safe; 5% risk of failure)
Press: ? - help, Shift-Dir - straight line, f/p - jelly
Aim: a jelly (heavily wounded, 100% to hit)
The blast of sand hits the jelly!
You kill the jelly!
* * * LOW HITPOINT WARNING * * *
Your Spellcasting skill increases to level 3!
You have reached level 3!
Your experience leads to an increase in your attributes!
Increase (s)trength, (i)ntelligence, or (d)exterity?
You feel clever.
The power to cast Animate Skeleton wells up from within.
Spell assigned to 'e'.
Things that are here:
a +0 dagger; a goblin corpse
b - 28 stones (gained 10)
h - 2 amethyst potions You see here a +3 spear.
i - a +3 spear (weapon)
Found a scroll labelled MOIPPA PIBRULL.
d - 4 scrolls labelled MOIPPA PIBRULL (gained 1)
As you read the scroll labelled MOIPPA PIBRULL, it crumbles to dust.
It is a scroll of identify.
f - a scroll of enchant armour
As you read the scroll of identify {@r1}, it crumbles to dust.
g - a scroll of silence
As you read the scroll of identify {@r1}, it crumbles to dust.
e - a potion of berserk rage
As you read the scroll of identify {@r1}, it crumbles to dust.
h - 2 potions of brilliance You swing at nothing.
Found 3 gold pieces.
You now have 17 gold pieces (gained 3).
(D) Dungeon
Where to? (Enter - D:4, ? - help)
There is a stone staircase leading down here.
You fly downwards.
Found a scroll of silence.
There is a stone staircase leading up here.
g - 2 scrolls of silence (gained 1)
Found a bubbling black potion.
An iguana and a zombie come into view.
The iguana hisses angrily.
The hound zombie closely misses you.
You hit the hound zombie.
The hound zombie is lightly damaged.
The hound zombie misses you.
You hit the hound zombie.
The hound zombie is moderately damaged.
The hound zombie bites you.
Casting: Sandblast (safe; 4% risk of failure)
Confirm with . or Enter, or press ? or * to list all spells.
Aiming: Sandblast (safe; 4% risk of failure)
Press: ? - help, Shift-Dir - straight line, f - hound zombie
Aim: a hound zombie (moderately damaged, 85% to hit)
The blast of sand hits the hound zombie!
The hound zombie is severely damaged.
The hound zombie bites you. x2
* * * LOW HITPOINT WARNING * * *
Casting: Sandblast (safe; 4% risk of failure)
Confirm with . or Enter, or press ? or * to list all spells.
Aiming: Sandblast (safe; 4% risk of failure)
Press: ? - help, Shift-Dir - straight line, f/p - hound zombie
Aim: a hound zombie (severely damaged, 85% to hit)
The blast of sand hits the hound zombie!
You destroy the hound zombie!
* * * LOW HITPOINT WARNING * * *
You have reached level 4!
You feel clever.
An iguana comes into view.
The iguana hisses angrily.
Casting: Sandblast (safe; 3% risk of failure)
Confirm with . or Enter, or press ? or * to list all spells.
Aiming: Sandblast (safe; 3% risk of failure)
Press: ? - help, Shift-Dir - straight line, f - iguana
Aim: an iguana (82% to hit)
The blast of sand hits the iguana!
The iguana is heavily wounded.
* * * LOW HITPOINT WARNING * * *
The iguana bites you!
You die...

# #.########
....... ###..##
#.@l..##
#.###..## #.
#.#.# #
#.##.###..##.####
#..!.............
####l##.#.######
#. #.#.########
.. ..#.##.....#
##.#.##.....#


You could see 2 iguanas.

Vanquished Creatures
  A jelly (D:4)
  A hound zombie (D:5)
  3 bats
  4 goblins
  A hobgoblin (D:4)
  A kobold (D:3)
11 creatures vanquished.

Notes
Turn   | Place    | Note
-------+----------+-------------------------------------------
     0 | D:1      | EnegeticOcto the Djinni Earth Elementalist began the quest
                  | for the Orb.
     0 | D:1      | Reached XP level 1. HP: 15/15 MP: 0/0
    89 | D:2      | Found Cicy's Armour Emporium.
   162 | D:3      | Found a snail-covered altar of Cheibriados.
   171 | D:3      | Reached XP level 2. HP: 14/21 MP: 0/0
   278 | D:4      | Reached skill level 3 in Spellcasting
   278 | D:4      | Reached XP level 3. HP: 5/25 MP: 0/0
   278 | D:4      | Learned a level 1 spell: Animate Skeleton
   378 | D:5      | Entered Level 5 of the Dungeon
   393 | D:5      | Reached XP level 4. HP: 5/31 MP: 0/0
   399 | D:5      | Mangled by an iguana

Illustrated notes

Levels and vault maps discovered:
D:1:      kilobyte_arrival_exit_the_forest, layout_loops_cross,
          ebering_ecumenical_altar_mist, chequers_serial_rivers_room_a,
          serial_bayou_pond_e, minmay_lizard_pond
D:2:      layout_basic, serial_shops, nicolae_shop_stone,
          minmay_worlds_worst_comb
D:3:      layout_loops_ring, lemuel_crystal_altar, uniq_ijyb
D:4:      layout_basic, kennysheep_little_box, glass_columns_a
D:5:      layout_loops_cross

Skill      XL: |  1  2 |
---------------+-------+-----
Spellcasting   | 3 |  3.6
Dodging        | |  2.1
Stealth        | |  1.5

Action                   |  1- 3 |  4- 6 || total
-------------------------+-------+-------++-------
Melee: Long sword        |     5 |       ||     5
       Spear             |     2 |       ||     2
 Cast: Sandblast         |    17 |     1 ||    18
  Use: Scroll            |     4 |       ||     4
Armor: Robe              |     2 |       ||     2
Dodge: Dodged            |     9 |       ||     9

Table legend: (Time is in decaauts)
 A = Elapsed time spent in this place.
 B = Non-inter-level travel time spent in this place.
 C = Inter-level travel time spent in this place.
 D = Time resting spent in this place.
 E = Time spent auto-exploring this place.
 F = Levels seen in this place.
 G = Mean time per level.
                   A        B        C        D        E       F      G
               +--------+--------+--------+--------+--------+-----+--------+
         Total |    400 |    382 |     18 |      0 |      0 |   5 |   80.0 |
       Dungeon |    400 |    382 |     18 |      0 |      0 |   5 |   80.0 |
               +--------+--------+--------+--------+--------+-----+--------+

Top non-repeatable levels by time:
     D:4: 135 daAuts
     D:1: 88 daAuts
     D:2: 80 daAuts
     D:3: 75 daAuts
     D:5: 20 daAuts
